Map: 10000 Feet LE

Players

Lambo

  • Race: Zerg Zerg
  • League: Grandmaster
  • Spawn Location: 11:00

Zoun - Winner!

  • Race: Protoss Protoss
  • League: Master
  • Spawn Location: 5:00

VOD

Have the link to the VOD?

Description

Time

  • Played on: Jan. 30, 2026, 6:41 a.m.
  • Length: 19:06
Show
View Real Time Build Order
Export as new Build Order

Lambo Zerg 

Build Orders: Pool First, Brood Lord Corruptor 

Get SALT Encoding   

  12  0:00  Drone  
  13  0:08  Drone  
  14  0:17  Overlord  
  14  0:22  Extractor  
  14  0:23  Drone  
  15  0:35  Drone x2  
  17  0:38  Extractor  
  16  0:43  Drone  
  16  0:49  Spawning Pool  
  16  0:54  Drone  
  17  1:05  Drone  
  18  1:17  Hatchery  
  17  1:35  Zergling x2  
  17  1:36  Queen  
  20  1:40  Metabolic Boost  
  20  1:44  Zergling x2  
  21  1:51  Zergling x2  
  22  2:01  Overlord  
  22  2:19  Queen  
  22  2:21  Zergling x4  
  26  2:26  Zergling x2  
  27  2:31  Queen  
  27  2:34  Overlord  
  27  2:36  Drone  
  30  2:49  Drone  
  30  2:50  Zergling x4  
  33  2:52  Drone x3  
  36  3:02  Drone x2  
  38  3:16  Hatchery  
  38  3:18  Drone  
  38  3:20  Drone  
  38  3:23  Drone  
  40  3:27  Drone x2  
  40  3:32  Overlord  
  42  3:40  Drone x2  
  44  3:44  Overlord  
  44  3:50  Drone x4  
  44  3:54  Queen  
  50  3:57  Drone  
  50  3:59  Drone  
  52  4:03  Spore Crawler  
  52  4:04  Drone x2  
  53  4:11  Queen  
  53  4:15  Drone x2  
  53  4:16  Drone  
  58  4:18  Drone  
  58  4:20  Drone  
  58  4:23  Overlord  
  60  4:25  Overlord  
  60  4:29  Spore Crawler  
  59  4:41  Overlord  
  59  4:42  Overlord  
  59  4:43  Drone x4  
  63  4:46  Drone  
  63  4:48  Drone  
  63  4:50  Drone x2  
  67  4:53  Drone  
  67  4:54  Drone x3  
  67  4:59  Roach Warren  
  69  5:02  Lair  
  69  5:03  Extractor  
  68  5:07  Extractor  
  68  5:08  Zergling x4  
  68  5:10  Drone  
  68  5:11  Drone  
  68  5:12  Drone x2  
  73  5:18  Drone  
  73  5:19  Drone x2  
  73  5:20  Drone  
  77  5:25  Drone x2  
  77  5:27  Drone x2, Hatchery  
  80  5:29  Drone  
  80  5:31  Drone  
  80  5:34  Extractor  
  81  5:36  Drone, Extractor  
  81  5:37  Extractor  
  81  5:39  Overlord  
  81  5:41  Drone  
  81  5:47  Drone  
  82  5:50  Drone x2  
  82  5:51  Drone x2  
  82  5:53  Drone x3  
  82  5:54  Evolution Chamber  
  87  5:58  Roach x3  
  87  6:02  Roach x2  
  97  6:05  Overseer  
  97  6:10  Spire  
  96  6:14  Zergling x2  
  96  6:16  Glial Reconstitution  
  96  6:18  Overlord  
  97  6:20  Overlord  
  97  6:21  Overlord x2  
  97  6:23  Overlord  
  97  6:25  Zergling x2  
  98  6:32  Drone x2  
  98  6:33  Overlord  
  98  6:40  Drone x7  
  98  6:45  Queen  
  98  6:46  Drone x4  
  111  6:54  Drone  
  111  6:55  Drone x4  
  111  6:58  Extractor x2  
  112  7:07  Zerg Missile Weapons Level 1  
  112  7:13  Hatchery  
  112  7:14  Overlord  
  109  7:16  Corruptor x6  
  109  7:18  Corruptor  
  109  7:22  Corruptor  
  125  7:33  Corruptor x2  
  125  7:36  Hatchery  
  128  7:41  Corruptor  
  125  7:55  Hatchery  
  125  7:57  Corruptor  
  125  8:00  Roach x3  
  125  8:03  Overlord  
  125  8:04  Extractor  
  130  8:07  Extractor  
  130  8:08  Overlord x2  
  129  8:13  Roach  
  129  8:14  Overlord x2  
  129  8:18  Baneling Nest  
  129  8:19  Zerg Flyer Weapons Level 1  
  130  8:28  Roach x8  
  147  8:38  Roach x3  
  147  8:39  Roach x2  
  161  8:41  Roach x2  
  161  8:45  Roach x2, Overlord  
  165  8:50  Drone x4  
  165  8:54  Zergling x4  
  171  8:59  Drone x2  
  173  9:03  Zergling x10  
  173  9:08  Ravager x4  
  173  9:09  Zergling x2  
  184  9:17  Zergling x12  
  184  9:18  Infestation Pit, Ravager x2  
  184  9:20  Zergling x4  
  193  9:24  Zergling x4  
  193  9:27  Zergling x6  
  193  9:31  Overlord  
  197  9:45  Roach  
  197  9:52  Roach x8  
  199  9:57  Roach x3  
  199  9:58  Roach x2  
  195  10:02  Roach x4  
  195  10:06  Roach x5  
  198  10:12  Roach x3  
  194  10:29  Zergling x10  
  194  10:31  Hive  
  194  10:51  Zergling x2  
  194  10:52  Zergling x16  
  191  11:00  Roach x10  
  191  11:03  Roach x2  
  197  11:06  Roach x2  
  197  11:09  Roach x2  
  156  11:20  Roach x6  
  152  11:28  Roach x4  
  152  11:29  Ravager x3  
  152  11:30  Ravager  
  152  11:31  Ravager x2  
  152  11:32  Ravager x2  
  168  11:36  Ravager  
  168  11:37  Ravager x5  
  168  11:38  Zergling x2  
  175  11:43  Drone x5  
  175  11:45  Roach  
  182  11:52  Roach x4  
  190  11:55  Roach x2  
  193  12:04  Roach x2  
  195  12:09  Roach  
  195  12:11  Roach x2  
  195  12:13  Roach x6  
  178  12:19  Roach x4, Zergling x2  
  173  12:23  Roach x2  
  173  12:28  Zergling x12  
  180  12:34  Greater Spire  
  180  12:35  Drone x3  
  183  12:45  Drone x4  
  183  12:46  Drone  
  188  12:52  Spine Crawler  
  183  13:01  Zergling x18  
  190  13:08  Roach x4  
  189  13:22  Zergling x2  
  189  13:23  Zergling x18  
  192  13:46  Hatchery  
  189  13:51  Brood Lord x2  
  189  13:55  Spore Crawler  
  190  13:56  Spore Crawler, Brood Lord  
  190  13:57  Spore Crawler x2  
  190  13:58  Brood Lord x2, Spore Crawler x2  
  191  14:03  Spine Crawler  
  191  14:05  Zerg Melee Weapons Level 1  
  191  14:06  Spore Crawler  
  191  14:07  Brood Lord  
  192  14:36  Neural Parasite  
  192  14:37  Zerg Flyer Weapons Level 2  
  191  14:54  Overlord  
  191  14:55  Adrenal Glands  
  191  15:01  Overseer  
  191  15:02  Overseer  
  191  15:05  Infestor x4  
  197  15:13  Corruptor  
  185  15:24  Infestor x5  
  185  15:26  Drone x2  
  185  15:28  Drone x4  
  175  15:35  Corruptor x3  
  167  15:37  Queen  
  167  15:38  Queen x3  
  181  15:46  Corruptor x3, Spore Crawler x3  
  183  15:54  Zergling x18  
  188  16:02  Corruptor  
  188  16:03  Corruptor x2  
  184  16:14  Corruptor x3  
  190  16:21  Hatchery  
  190  16:24  Overlord  
  189  16:26  Overlord x2  
  189  16:27  Overlord  
  189  16:28  Overseer  
  189  16:46  Brood Lord x2  
  193  16:47  Brood Lord  
  193  16:48  Corruptor  
  193  16:53  Burrow  
  197  16:57  Corruptor  
  198  17:05  Drone  
  182  17:33  Corruptor x3  
  182  17:36  Queen x2  
  177  17:46  Corruptor x2  
  177  17:49  Infestor x2  
  185  17:52  Drone  
  176  18:16  Infestor  
  176  18:18  Brood Lord  
  115  18:42  Zergling x32  
Show
View Real Time Build Order
Export as new Build Order

Zoun Protoss - Winner!

Build Orders: Oracle Opening, Phoenix Opening 

Get SALT Encoding   

  12  0:00  Probe  
  13  0:12  Probe  
  14  0:17  Pylon  
  14  0:24  Probe  
  15  0:32  Probe  
  15  0:38  Gateway  
  15  0:40  Probe  
  16  0:45  Assimilator  
  17  0:51  Probe  
  18  1:03  Probe  
  19  1:15  Probe, Pylon  
  20  1:19  Gateway  
  20  1:26  Cybernetics Core  
  20  1:27  Probe  
  21  1:33  Pylon  
  21  1:39  Probe  
  22  1:43  Assimilator  
  22  1:52  Probe  
  17  1:54  Adept  
  23  1:56  Adept  
  23  2:04  Probe  
  28  2:16  Warp Gate  
  28  2:17  Probe  
  29  2:25  Pylon  
  29  2:35  Adept  
  31  2:44  Nexus  
  31  2:54  Stargate  
  31  2:57  Probe  
  32  3:05  Sentry  
  34  3:09  Probe  
  34  3:10  Phoenix  
  35  3:13  Shield Battery  
  35  3:19  Stalker  
  35  3:22  Pylon  
  35  3:25  Probe  
  38  3:38  Probe  
  38  3:40  Oracle  
  42  3:50  Probe  
  42  3:53  Probe  
  43  4:01  Probe  
  43  4:02  Probe  
  45  4:08  Assimilator  
  46  4:10  Assimilator  
  46  4:11  Probe  
  46  4:14  Probe  
  48  4:23  Probe, Fleet Beacon  
  49  4:26  Probe  
  50  4:35  Probe  
  51  4:39  Probe  
  51  4:45  Stargate  
  52  4:47  Probe  
  52  4:51  Probe  
  54  4:57  Tempest  
  54  4:59  Nexus, Probe  
  55  5:03  Pylon  
  55  5:05  Probe  
  56  5:12  Pylon  
  60  5:19  Probe, Tempest  
  60  5:20  Probe  
  62  5:32  Probe, Tempest  
  67  5:36  Probe  
  68  5:44  Probe  
  68  5:46  Pylon  
  68  5:48  Probe  
  74  5:57  Probe  
  74  6:01  Tempest  
  74  6:02  Probe, Shield Battery  
  76  6:09  Tempest  
  80  6:13  Probe  
  80  6:15  Probe x2  
  87  6:25  Probe  
  87  6:27  Probe x2  
  90  6:35  Pylon  
  90  6:38  Probe  
  90  6:39  Probe  
  93  6:40  Probe  
  97  6:50  Probe, Twilight Council  
  97  6:51  Forge, Probe  
  99  6:56  Probe  
  99  6:58  Unknown  
  96  7:01  Assimilator  
  96  7:02  Probe, Assimilator  
  96  7:03  Pylon  
  96  7:04  Probe  
  96  7:06  Gateway  
  96  7:07  Gateway  
  96  7:08  Probe  
  99  7:10  Gateway  
  99  7:12  Gateway  
  99  7:13  Protoss Ground Weapons Level 1  
  99  7:14  Probe  
  100  7:15  Gateway  
  100  7:17  Gateway, Charge  
  100  7:23  Probe x2  
  100  7:29  Templar Archives  
  102  7:38  Probe  
  102  7:41  Photon Cannon  
  102  7:43  Photon Cannon  
  99  7:52  Zealot  
  99  7:53  Photon Cannon, Zealot  
  103  8:00  Pylon  
  103  8:02  Zealot x2  
  107  8:06  Gateway, Psionic Storm  
  107  8:07  High Templar x2, Pylon, Gateway  
  107  8:12  Archon  
  111  8:15  Shield Battery  
  111  8:17  Photon Cannon  
  111  8:18  Pylon  
  111  8:21  High Templar  
  111  8:22  High Templar x3, Gateway  
  111  8:25  Photon Cannon, Archon  
  111  8:26  Archon, Gateway, Zealot x2  
  123  8:34  Photon Cannon  
  123  8:36  Shield Battery  
  123  8:37  Robotics Facility  
  123  8:41  Pylon x2  
  123  8:45  Stalker x2  
  127  8:54  Nexus  
  127  8:57  High Templar x2  
  127  8:58  Protoss Ground Armor Level 1, Pylon  
  131  9:04  High Templar  
  131  9:09  Pylon  
  133  9:14  Zealot x5  
  133  9:16  High Templar  
  145  9:19  Observer  
  145  9:20  Shield Battery  
  145  9:22  Blink  
  145  9:23  Photon Cannon  
  145  9:28  Zealot x2  
  150  9:49  Zealot x7  
  152  10:02  Zealot x5  
  150  10:13  Immortal  
  148  10:18  High Templar x2  
  148  10:24  Archon, Nexus  
  148  10:25  High Templar x2, Zealot  
  148  10:26  Zealot  
  148  10:29  Pylon  
  148  10:32  Archon  
  148  10:39  High Templar x2  
  150  10:43  Archon  
  150  10:49  Zealot x6  
  162  10:52  Pylon  
  162  10:56  Archon  
  157  11:02  Zealot x4  
  139  11:11  Zealot x6  
  120  11:15  Zealot x2  
  114  11:21  Immortal  
  106  11:26  High Templar x4  
  106  11:32  Nexus  
  118  11:39  Sentry  
  120  11:42  Zealot x4  
  128  11:47  High Templar x2  
  128  11:49  High Templar  
  128  11:51  Archon  
  134  11:58  Stalker  
  134  12:04  Zealot x3  
  133  12:12  Archon  
  133  12:13  Archon  
  123  12:16  Zealot x5  
  133  12:27  High Templar  
  133  12:28  High Templar x3  
  135  12:31  Photon Cannon  
  135  12:32  Probe x2  
  135  12:36  Zealot x2  
  135  12:37  Zealot x5  
  147  12:42  Protoss Ground Weapons Level 2  
  151  12:49  Zealot  
  153  12:52  Tempest x2  
  151  13:05  Probe x4  
  163  13:10  Zealot x4  
  165  13:25  Tempest x2  
  157  13:36  Assimilator  
  157  13:38  Assimilator, Pylon, High Templar  
  157  13:39  High Templar, Zealot x4  
  171  13:44  Archon  
  169  13:51  High Templar  
  169  13:55  Archon, Observer  
  168  13:56  Archon, Zealot x5  
  179  14:03  High Templar  
  179  14:06  Photon Cannon  
  179  14:08  Photon Cannon  
  181  14:10  Shield Battery  
  179  14:19  Observer  
  179  14:22  High Templar  
  179  14:23  High Templar  
  180  14:26  Tempest x2  
  184  14:40  Nexus, Immortal  
  184  14:43  Pylon  
  184  14:52  High Templar  
  184  14:59  Protoss Ground Weapons Level 3  
  184  15:02  Zealot x5  
  194  15:10  Shield Battery  
  194  15:12  Photon Cannon  
  194  15:13  Photon Cannon  
  194  15:18  Mothership  
  184  15:32  Zealot x4  
  184  15:54  Observer  
  184  15:56  Immortal  
  184  16:10  High Templar x4  
  192  16:14  Observer, Archon x2  
  192  16:18  Robotics Facility  
  186  16:22  Protoss Air Weapons Level 1  
  186  16:24  Oracle  
  185  16:27  Stargate  
  185  16:28  Assimilator  
  185  16:32  Assimilator  
  185  16:34  Warp Prism  
  185  16:35  Zealot  
  185  16:36  Zealot x5  
  199  16:45  Pylon  
  199  17:24  Photon Cannon  
  199  17:25  Photon Cannon  
  197  17:34  High Templar x3  
  197  17:41  High Templar x2  
  195  17:44  Archon  
  195  17:46  Zealot x6  
  199  18:05  Zealot  
  165  18:17  Zealot x9  
  173  18:39  Stalker x12  
Tags
 
Add a new tag
Caveats
  • Supply blocks, unpowered buildings, or Contaminate may cause inaccurate times.
  • Supply counts are checked every 10 seconds.